 Dungeon Crawl Stone Soup version 0.28.0-49-g6dfe1f597d (webtiles) character file.

Game seed: 10426806831191137551

1466126 fictitious the Cutthroat (level 27, 184/184 HPs)
             Began as a Kobold Brigand on May 16, 2022.
             Was a Priest of Trog.
             Escaped with the Orb
             ... and 3 runes on May 17, 2022!
             The game lasted 06:39:58 (95003 turns).

fictitious the Cutthroat (Kobold Brigand)          Turns: 95003, Time: 06:39:58

Health: 184/184    AC: 35    Str: 18    XL:     27
Magic:  23/23      EV: 31    Int: 25    God:    Trog [***...]
Gold:   2254       SH: 20    Dex: 24    Spells: 26/26 levels left

rFire   + + .      SeeInvis .   a - +8 rapier "Pet Kusu" {freeze, rCorr Str+3 Int+3 Dex+3}
rCold   + . .      Faith    .   t - +2 kite shield {reflect}
rNeg    + . .      Spirit   .   x - +6 swamp dragon scales
rPois   +          Reflect  +   f - +2 helmet
rElec   +          Harm     .   s - +2 cloak
rCorr   +          Rampage  .   W - +2 pair of gloves {Str+3}
Will    +++..                   m - +2 pair of boots {Fly}
Stlth   +++.......              T - amulet "Fejulaush" {RegenMP +Inv rElec Stlth-}
HPRegen 0.40/turn               c - ring of Zufiqeodgh {rF++ rC+ Will+ Str-5 Int+9}
MPRegen 0.58/turn               P - ring of positive energy

@: flying, studying Shields
A: small, no large weapons, nightstalker 3, fangs 1
0: Orb of Zot
}: 3/15 runes: decaying, serpentine, silver
a: Renounce Religion, Evoke Invisibility, Berserk, Trog's Hand


You escaped.
You worshipped Trog.
Trog was most pleased with you.
You visited 10 branches of the dungeon, and saw 49 of its levels.
You visited the Abyss 1 time.
You also visited: Ice Cave and Wizlab.

You collected 7401 gold pieces.
You spent 5147 gold pieces at shops.

Inventory:

Hand Weapons
 a - the +8 rapier "Pet Kusu" (weapon) {freeze, rCorr Str+3 Int+3 Dex+3}
   (You found it on level 3 of the Snake Pit)

   It freezes those it strikes, dealing additional cold damage.
   It can also slow down cold-blooded creatures.
   Str:       It affects your strength (+3).
   Int:       It affects your intelligence (+3).
   Dex:       It affects your dexterity (+3).
   rCorr:     It protects you from acid and corrosion.
 K - the +6 rapier "Nean Vus" {god gift, flame, rCorr Dex+3}
   (Trog gifted it to you on level 13 of the Dungeon)

   It burns those it strikes, dealing additional fire damage.
   Dex:       It affects your dexterity (+3).
   rCorr:     It protects you from acid and corrosion.
Missiles
 e - 2 curare-tipped darts
 l - 10 boomerangs
 D - 4 silver boomerangs (quivered)
 F - 2 boomerangs of dispersal
 N - 5 atropa-tipped darts
Armour
 f - a +2 helmet (worn)
 m - a +2 pair of boots of flying (worn)
 s - a +2 cloak (worn)
 t - a +2 kite shield of reflection (worn)
 x - +6 swamp dragon scales (worn)
 W - a +2 pair of gloves of strength (worn)
Jewellery
 c - the ring of Zufiqeodgh (left hand) {rF++ rC+ Will+ Str-5 Int+9}
   (You found it on level 1 of the Vaults)

   [ring of protection from cold]

   Str:       It affects your strength (-5).
   Int:       It affects your intelligence (+9).
   rF:        It greatly protects you from fire.
   rC:        It protects you from cold.
   Will:      It increases your willpower.
 y - an amulet of reflection
 P - a ring of positive energy (right hand)
 T - the amulet "Fejulaush" (around neck) {RegenMP +Inv rElec Stlth-}
   (You bought it in a shop on level 2 of the Orcish Mines)

   [amulet of magic regeneration]

   It increases your rate of magic regeneration.
   rElec:     It insulates you from electricity.
   +Inv:      It lets you turn invisible.
   Stlth:     It makes you less stealthy.
 Y - a ring of see invisible
 Z - a +6 ring of dexterity
Wands
 w - a wand of charming (17)
 A - a wand of acid (5)
 B - a wand of iceblast (25)
 H - a wand of paralysis (13)
 I - a wand of digging (5)
 M - a wand of polymorph (24)
 V - a wand of mindburst (22)
Scrolls
 j - 2 scrolls of blinking {!r}
 u - 6 scrolls of enchant weapon
 z - 3 scrolls of fear
 C - a scroll of brand weapon {!r}
 S - 4 scrolls of fog
 U - 12 scrolls of teleportation
Potions
 b - 17 potions of curing
 d - 2 potions of lignification
 k - 2 potions of attraction
 n - a potion of invisibility
 p - 5 potions of cancellation
 v - 4 potions of might
 G - 7 potions of ambrosia
 R - 3 potions of haste {!q}
 X - 3 potions of mutation {!q}
Miscellaneous
 g - a phantom mirror
 h - a condenser vane
 r - a phial of floods (inert)
 E - a tin of tremorstones (2/2)
 L - a lightning rod (4/4)
 O - a box of beasts (inert)


   Skills:
 * Level 21.7 Fighting
 + Level 22.5 Short Blades
 - Level 16.0 Throwing
 + Level 20.7 Armour
 + Level 20.3 Dodging
 - Level 18.0 Stealth
 + Level 21.2 Shields
 * Level 17.2 Evocations


You had 26 spell levels left.
You didn't know any spells.
Your spell library contained the following spells:

 Spells                   Type           Power      Damage    Failure   Level
 Animate Skeleton         Necr           0%         N/A       28%         1
 Pain                     Necr           0%         1d4       28%         1
 Sandblast                Erth           0%         2d4       28%         1
 Ensorcelled Hibernation  Hex/Ice        0%         N/A       38%         2
 Passwall                 Tmut/Erth      0%         N/A       38%         2
 Inner Flame              Hex/Fire       0%         N/A       63%         3
 Stone Arrow              Conj/Erth      0%         3d7       63%         3
 Swiftness                Air            0%         N/A       63%         3
 Vampiric Draining        Necr           0%         2d6       63%         3
 Cause Fear               Hex            0%         N/A       95%         4
 Eringya's Noxious Bog    Tmut/Pois      0%         N/A       100%        6


Dungeon Overview and Level Annotations

Branches:
Dungeon (15/15)            Temple (1/1) D:6            Lair (6/6) D:9
  Swamp (4/4) Lair:4        Snake (4/4) Lair:4        Slime (0/5) Lair:6
    Orc (2/2) D:10            Elf (3/3) Orc:2        Vaults (5/5) D:14
  Crypt (0/3) Vaults:3     Depths (4/4) D:15            Zot (5/5) Depths:4
  IceCv (visited)          WizLab (visited)

Altars:
Ashenzari
Cheibriados
Dithmenos
Elyvilon
Fedhas
Gozag
Hepliaklqana
Kikubaaqudgha
Makhleb
Nemelex Xobeh
Okawaru
Qazlal
Ru
Sif Muna
Trog
Uskayaw
Vehumet
Wu Jian
Xom
Yredelemnul
Zin
The Shining One
Beogh
Jiyva

Shops:
D:8 *!   Orc:2 [=!!   Elf:2 *   Elf:3 (   Vaults:5 [   Depths:1 *

Portals:
Hell: Depths:1 Depths:2 Depths:3 Depths:4
Abyss: Depths:1 Depths:3
Pandemonium: Depths:1 Depths:2 Depths:3
Ziggurat: Depths:2
Trove: Depths:2 (give +6 demon whip)

Annotations:
Elf:2 2 runed translucent doors
Vaults:2 2 transporters, Loush's ghost, veteran MiFi
Depths:3 3 runed translucent doors, exclusion: obsidian statue, frimble's ghost, adept DsGl


Innate Abilities, Weirdness & Mutations

You are small and have problems with some larger weapons.
You are completely attuned to the shadows.
You have very sharp teeth.


Message History

Items here: ))) [[[.
There is a stone staircase leading up here.
You fly upwards.
There is a stone staircase leading down here.
Things that are here:
a +0 leather armour; a +0 dagger You see here a +0 club.
There is a stone staircase leading up here.
You fly upwards.
There is a stone staircase leading down here.
A smoke demon comes into view.
The smoke demon gestures at you.
Your +2 kite shield of reflection reflects the sticky flame!
The sticky flame hits the smoke demon.
The smoke demon resists.
The smoke demon gestures at you. The ball of steam misses you.
You puncture the smoke demon! You freeze the smoke demon.
The smoke demon is heavily wounded.
You hit the smoke demon. You freeze the smoke demon.
The smoke demon is heavily wounded.
You puncture the smoke demon! You freeze the smoke demon.
You kill the smoke demon!
Trog accepts your kill.
Your phantom mirror has recharged.
There is a stone staircase leading up here.
You fly upwards.
There is a stone staircase leading down here.
(D) Dungeon (T) Temple (L) Lair (S) Swamp (P) Snake Pit (M) Slime Pits (O) Orcish Mines (E) Elven Halls (V) Vaults (C) Crypt (U) Depths (H) Hell (Z) Zot
Where to? (Enter - D:1 @ (x,y), ? - help)
You see here a +0 club.
There is a stone staircase leading down here.
There is a staircase leading out of the dungeon here.
You have escaped!

#..........## ##..............
#.##..###############.........
#.##..#≈≈#.^.....#≈≈#..#......
#.##..#≈#.........#≈#..##.....
#.##..##...........##.........
#.##(.#.............#...####..
#.#..##.............##..## ##.
#...#.#.............#.#..## #.
#..#....)....@.........#..# #.
#...#.#.............#.#..####.
###..##.............##........
######..#.............#..######.
#.......##...........##..# #.
#.####..#≈#.........#≈#..# #.
#.# #..#≈≈#....(..#≈≈#..# #. #.#
#..###############..# #. #.#
#.......## ##.......######.


There were no monsters in sight!

Vanquished Creatures
  5 dread liches
  4 ancient liches
  5 orbs of fire
  2 juggernauts
  Sojobo (Vaults:3)
  Vashnia (Snake:2)
  2 Killer Klowns
  Xtahua (Vaults:5)
  5 caustic shrikes (Depths:3)
  10 golden dragons
  A curse toe (Zot:5)
  A bone dragon (Vaults:3)
  A doom hound (Depths:2)
  4 electric golems
  An Ice Fiend (IceCv)
  2 hellephants (Depths:2)
  Jorgrun (D:12)
  8 tentacled monstrosities
  Rupert (D:14)
  24 Orb Guardians
  3 liches
  3 titans
  3 deep elf master archers
  2 quicksilver dragons
  A deep elf blademaster (Depths:2)
  10 acid blobs
  The ghost of Zonian the Severer, an adept HOFi of Beogh (Snake:1)
  3 death cobs
  Gastronok (Lair:1)
  Frances (D:13)
  The ghost of Ousak the Spry, an adept OpTm of Ru (Snake:1)
  7 sphinxes
  2 nagarajas
  8 storm dragons
  8 shadow dragons
  Kirke (Lair:4)
  2 thorn hunters (Swamp:3)
  11 tengu reavers
  4 draconian monks
  Roxanne (Swamp:1)
  3 draconian knights
  4 fenstrider witches
  11 fire giants
  4 draconian scorchers
  3 draconian shifters
  3 iron dragons
  2 deep elf sorcerers (Elf:3)
  Aizul (Vaults:4)
  3 orc warlords
  9 frost giants
  21 vault wardens
  2 ghost moths
  5 draconian annihilators
  4 ghouls
  A draconian stormcaller (Zot:3)
  9 deep elf elementalists
  6 ironbound thunderhulks
  A juggernaut skeleton (Depths:1)
  26 very ugly things
  21 ironbound preservers
  A caustic shrike skeleton (Depths:1)
  2 spriggan defenders
  The ghost of Yduoqezo the Blocker, a journeyman TrBe of Trog (Lair:6)
  5 green draconians
  10 stone giants
  6 deep elf demonologists
  Nessos (D:12)
  9 eleionomae
  5 red draconians
  5 black draconians
  An entropy weaver (shapeshifter) (Vaults:5)
  9 deep elf annihilators
  3 bunyips
  2 entropy weavers (Vaults:2)
  2 purple draconians
  24 yellow draconians
  A spark wasp (Depths:3)
  6 white draconians
  14 dire elephants
  9 ettins
  The ghost of Myolirr the Blocker, a journeyman MiBe of Trog (Snake:1)
  7 deep elf death magi
  3 shambling mangroves
  Josephine (D:15)
  10 fire dragons
  10 great orbs of eyes
  2 jiangshi (Depths:3)
  8 deep elf high priests
  The ghost of Bearnado the Cleaver, a journeyman MiBe of Trog (Lair:2)
  15 yaktaur captains
  A rakshasa (Depths:2)
  8 ice dragons
  4 salamander tyrants
  7 boulder beetles
  8 naga warriors
  An ice dragon (shapeshifter) (Depths:3)
  2 spriggan air magi
  36 hydras
  47 vault guards
  2 hell beasts
  3 catoblepae
  5 ogre magi
  9 centaur warriors
  2 death knights
  10 two-headed ogres
  4 ghost crabs
  14 anacondas
  9 ironbound frosthearts
  5 deep troll earth magi
  9 alligators
  2 deep troll shamans
  20 death yaks
  4 tengu warriors
  A titan zombie (Vaults:5)
  3 orc high priests
  10 naga sharpshooters
  A vampire mage (Depths:3)
  10 hell knights
  12 deep elf knights
  3 spriggan berserkers
  16 dancing weapons
  6 spriggans
  A soul eater (Depths:2)
  11 shock serpents
  8 goliath frogs
  12 skeletal warriors
  6 salamander mystics
  2 spriggan druids
  A shadow wraith (Vaults:5)
  3 sea snakes (Snake:2)
  64 deep trolls
  3 iron trolls (Depths:2)
  2 orange crystal statues
  3 flayed ghosts
  15 bog bodies
  15 lindwurms
  7 deep elf archers
  13 swamp dragons
  5 spriggan simulacra
  7 naga ritualists
  A glowing orange brain (Depths:2)
  A glowing orange brain (shapeshifter) (Elf:2)
  A shadow dragon zombie (Depths:1)
  Pikel (D:4)
  A wolf spider zombie (D:15)
  8 necromancers
  17 deep elf zephyrmancers
  27 deep elf pyromancers
  5 wizards
  25 ironbound convokers
  A golden dragon skeleton (Depths:1)
  7 orc knights
  4 phantasmal warriors
  A shining eye (Depths:2)
  A sphinx skeleton (Depths:1)
  9 mana vipers
  A wolf spider (shapeshifter) (Vaults:5)
  5 oklob plants (Zot:3)
  58 ugly things
  3 will-o-the-wisps
  13 orc sorcerers
  14 moths of wrath
  4 manticores
  3 cyclopes
  19 salamanders
  An elephant (Lair:4)
  A black mamba (shapeshifter) (D:15)
  21 vault sentinels
  9 guardian serpents
  2 frost giant skeletons
  A smoke demon (D:2)
  A titan simulacrum (Depths:1)
  43 black mambas
  12 naga magi
  A molten gargoyle (Lair:6)
  7 cane toads
  2 orange demons (Depths:2)
  A centaur skeleton (D:15)
  2 unseen horrors
  A gargoyle (D:12)
  Maggie (D:7)
  A yaktaur zombie (Vaults:5)
  6 rime drakes
  3 demonic crawlers (Elf:1)
  18 komodo dragons
  12 freezing wraiths
  27 yaktaurs
  Psyche (D:12)
  4 tengu conjurers
  4 ice devils (IceCv)
  An efreet (D:15)
  An entropy weaver simulacrum (IceCv)
  A kobold demonologist (D:13)
  A guardian mummy (Depths:2)
  A hellwing (Depths:1)
  An anaconda simulacrum (IceCv)
  2 polar bears (Lair:6)
  6 trolls
  12 tyrant leeches
  A bloated husk (Swamp:3)
  A wolf spider simulacrum (D:15)
  12 hornets
  A slime creature (shapeshifter) (Vaults:5)
  A wind drake (Zot:5)
  6 blink frogs
  43 slime creatures
  A fire giant simulacrum (Vaults:4)
  An ettin zombie (Vaults:4)
  5 dream sheep (Lair:6)
  A culicivora (shapeshifter) (Elf:1)
  4 air elementals
  An ettin skeleton (Vaults:5)
  A vampire (D:12)
  A ynoxinul (Depths:1)
  11 water elementals
  4 shadows
  A dire elephant simulacrum (IceCv)
  4 fire elementals
  10 wraiths
  5 wyverns
  52 yaks
  3 hogs (Lair:4)
  Grum (D:8)
  7 basilisks
  A yaktaur simulacrum (Vaults:4)
  5 redbacks (Vaults:2)
  11 vampire mosquitoes
  4 harpy simulacra
  3 wargs (Orc:1)
  3 chaos spawn
  31 nagas
  2 acid dragons
  A minotaur simulacrum (IceCv)
  A hydra simulacrum (IceCv)
  14 swamp worms
  10 hell hounds
  A floating eye (shapeshifter) (Vaults:5)
  2 floating eyes
  22 water moccasins
  An ice beast (D:6)
  A sky beast (D:8)
  2 black bears (D:6)
  20 orc warriors
  8 swamp drakes
  3 necrophages
  An ettin simulacrum (IceCv)
  12 ogres
  11 wolves
  2 phantoms
  A human skeleton (Vaults:5)
  7 centaurs
  A lemure (D:5)
  Blork the orc (D:4)
  3 kobold brigands
  A scorpion (D:5)
  4 deep troll simulacra (IceCv)
  3 gnoll sergeants
  22 bullfrogs
  5 earth elementals
  A wyvern skeleton (D:7)
  7 howler monkeys
  17 wights
  8 electric eels
  4 lava snakes (Lair:6)
  3 centaur zombies
  15 jellies
  4 hounds
  22 orc priests
  A gnoll shaman (D:6)
  32 orc wizards
  A killer bee zombie (D:7)
  A hound skeleton (D:4)
  Robin (D:4)
  27 gnolls
  7 adders
  A shadow imp (D:7)
  A worm (D:5)
  A dart slug (D:4)
  79 orcs
  2 endoplasms
  2 giant cockroaches
  15 goblins
  11 hobgoblins
  24 kobolds
  4 quokkas
  9 ball pythons
  5 bats
  8 frilled lizards
  6 rats
2073 creatures vanquished.

Vanquished Creatures (collateral kills)
  A dread lich (Zot:5)
  the Lernaean hydra (Swamp:4)
  A titan (Vaults:5)
  Asterion (Snake:2)
  An Orb Guardian (Zot:5)
  A deep elf blademaster (Elf:3)
  The ghost of Timpihef the Spry, an adept OpAK of Lugonu (Elf:3)
  A shadow dragon (Vaults:5)
  A tengu reaver (Vaults:3)
  2 vault wardens
  A fire giant (Vaults:5)
  A draconian shifter (Zot:2)
  Azrael (D:12)
  3 dire elephants (Vaults:4)
  A red draconian (Zot:5)
  A deep elf death mage (Elf:2)
  A fire dragon (Depths:2)
  A deep elf high priest (Elf:3)
  A vault guard (Vaults:3)
  A hydra (Swamp:4)
  A naga warrior (Snake:4)
  An alligator (Swamp:4)
  A centaur warrior (Vaults:3)
  A deep troll earth mage (Vaults:5)
  A swamp dragon (Swamp:4)
  3 bog bodies (Swamp:4)
  A deep troll (Vaults:5)
  A deep elf archer (Elf:2)
  An obsidian statue (IceCv)
  An ironbound convoker (Vaults:4)
  A deep elf zephyrmancer (Elf:2)
  A lindwurm (Vaults:4)
  2 deep elf pyromancers
  A black mamba (Lair:6)
  2 molten gargoyles (Lair:6)
  4 yaktaurs (Vaults:4)
  A basilisk (Lair:6)
  A steam dragon (Lair:6)
  A swamp worm (Swamp:4)
  2 hell hounds (Lair:6)
  2 swamp drakes (Swamp:4)
  A lava snake (Lair:6)
  An orc priest (Orc:1)
55 creatures vanquished.

Vanquished Creatures (others)
  A fire giant (Depths:2)
  A frost giant (Depths:2)
  A draconian shifter (Zot:4)
  A deep elf annihilator (Elf:3)
  A red draconian (Zot:4)
  An alligator (Swamp:3)
  A deep troll earth mage (Depths:2)
  A deep elf zephyrmancer (Elf:1)
  A deep elf archer (Elf:2)
  A deep elf pyromancer (Elf:1)
  3 ugly things
  2 bloated husks (Swamp:3)
  4 humans (Lair:4)
  A naga (Snake:2)
  A floating eye (Depths:2)
  A jelly (Zot:3)
  An orc wizard (Orc:2)
  An orc (Orc:2)
  4 foxfires (Swamp:3)
  27 fungi
  78 plants
133 creatures vanquished.

Grand Total: 2261 creatures vanquished

Notes
Turn   | Place    | Note
-------+----------+-------------------------------------------
     0 | D:1      | fictitious the Kobold Brigand began the quest for the Orb.
     0 | D:1      | Reached XP level 1. HP: 12/12 MP: 1/1
    72 | D:1      | Reached skill level 3 in Short Blades
   117 | D:1      | Reached XP level 2. HP: 12/17 MP: 2/2
   287 | D:1      | Found a faded altar of an unknown god.
   537 | D:1      | Reached skill level 4 in Short Blades
   769 | D:1      | Reached XP level 3. HP: 21/21 MP: 3/3
  1392 | D:2      | Reached skill level 5 in Short Blades
  1563 | D:2      | Reached XP level 4. HP: 26/26 MP: 4/4
  1659 | D:2      | Reached skill level 6 in Short Blades
  2438 | D:3      | Reached XP level 5. HP: 30/30 MP: 5/5
  2929 | D:3      | Reached skill level 7 in Short Blades
  3208 | D:4      | Noticed Robin
  3300 | D:4      | Found Jijoekh's Distillery.
  3306 | D:4      | Bought a potion of curing for 39 gold pieces
  3306 | D:4      | Bought a potion of haste for 130 gold pieces
  3306 | D:4      | Bought a potion of degeneration for 13 gold pieces
  3356 | D:4      | Killed Robin
  3357 | D:4      | Reached XP level 6. HP: 33/35 MP: 6/6
  3453 | D:4      | Noticed Blork the orc
  3469 | D:4      | Killed Blork the orc
  3470 | D:4      | Reached skill level 8 in Short Blades
  3647 | D:4      | Reached XP level 7. HP: 41/41 MP: 7/7
  3684 | D:4      | Reached skill level 9 in Short Blades
  4323 | D:5      | Entered Level 5 of the Dungeon
  4647 | D:5      | Got the Incunabulum of Transmutation and the Oath
  4677 | D:5      | Reached skill level 10 in Short Blades
  4677 | D:5      | Reached XP level 8. HP: 48/48 MP: 8/8
  4826 | D:5      | Noticed Pikel
  4939 | D:4      | Killed Pikel
  4940 | D:4      | Reached skill level 11 in Short Blades
  4940 | D:4      | Reached skill level 5 in Dodging
  5448 | D:5      | Found an opulent altar of Gozag.
  5907 | D:6      | Reached XP level 9. HP: 46/52 MP: 7/9
  5966 | D:6      | Found a staircase to the Ecumenical Temple.
  5980 | D:6      | Reached skill level 12 in Short Blades
  5996 | Temple   | Entered the Ecumenical Temple
  6123 | Temple   | Became a worshipper of Trog the Wrathful
  6550 | D:6      | Reached skill level 13 in Short Blades
  7353 | D:7      | Identified the +3 robe of New Discoveries {rF+}
  7366 | D:7      | Noticed Maggie
  7369 | D:7      | Reached skill level 1 in Evocations
  7433 | D:7      | Killed Maggie
  7434 | D:7      | Reached skill level 14 in Short Blades
  7434 | D:7      | Reached skill level 1 in Armour
  7700 | D:7      | Reached * piety under Trog
  7723 | D:7      | Reached XP level 10. HP: 44/58 MP: 8/10
  7973 | D:6      | Found a glowing golden altar of the Shining One.
  7973 | D:6      | Found a stormy altar of Qazlal.
  7982 | D:6      | Found a shimmering altar of Xom.
  7982 | D:6      | Found a broken altar of Ashenzari.
  8482 | D:8      | Reached skill level 5 in Fighting
  8527 | D:8      | Found Movoc's Distillery.
  8534 | D:8      | Bought 2 potions of heal wounds for 150 gold pieces
  8651 | D:8      | Found Woruil's Assorted Antiques.
  8825 | D:8      | Bought a scroll labelled GOSYTI BUUZOSTUSM for 23 gold
                  | pieces
  8845 | D:8      | Noticed Grum
  8867 | D:8      | Killed Grum
  8879 | D:8      | Reached ** piety under Trog
  9003 | D:8      | Noticed a deep elf pyromancer
  9411 | D:9      | Noticed a two-headed ogre
  9419 | D:8      | Killed a two-headed ogre
  9420 | D:8      | Reached skill level 5 in Evocations
  9432 | D:9      | Noticed a death yak
  9454 | D:9      | Noticed a death yak
  9620 | D:8      | Found a basalt altar of Yredelemnul.
  9915 | D:9      | Noticed a death yak
  9922 | D:9      | Killed a death yak
  9923 | D:9      | Reached XP level 11. HP: 66/66 MP: 9/11
  9977 | D:9      | Noticed a +0 dagger
 10046 | D:9      | Killed a death yak
 10065 | D:9      | Killed a death yak
 10139 | D:9      | Noticed a +0 dagger
 10141 | D:9      | Found a hide-covered altar of Uskayaw.
 10434 | D:9      | Found a staircase to the Lair.
 10682 | D:8      | Bought a blackened bronze ring for 115 gold pieces
 10746 | D:10     | Entered Level 10 of the Dungeon
 10878 | D:8      | Bought 3 scrolls labelled CARRUC FEMA for 69 gold pieces
 10961 | D:10     | Found a staircase to the Orcish Mines.
 11544 | D:10     | Reached skill level 1 in Shields
 11550 | D:10     | Reached skill level 5 in Armour
 11880 | D:10     | Noticed a boulder beetle
 11884 | D:10     | Killed a boulder beetle
 12256 | Lair:1   | Entered Level 1 of the Lair of Beasts
 12339 | Lair:1   | Noticed a four-headed hydra
 12343 | Lair:1   | Killed a four-headed hydra
 12344 | Lair:1   | Reached skill level 10 in Dodging
 12378 | Lair:1   | Reached XP level 12. HP: 73/73 MP: 12/12
 12412 | Lair:1   | Noticed Gastronok
 12484 | Lair:1   | Killed Gastronok
 12699 | Lair:1   | Noticed an eight-headed hydra
 12703 | Lair:1   | Killed an eight-headed hydra
 12755 | Lair:1   | Noticed a six-headed hydra
 12759 | Lair:1   | Killed a six-headed hydra
 12987 | Lair:1   | Reached *** piety under Trog
 13026 | Lair:1   | Reached skill level 5 in Throwing
 13421 | Lair:2   | Noticed a six-headed hydra
 13450 | Lair:2   | Killed a six-headed hydra
 13728 | Lair:2   | Noticed a catoblepas
 13734 | Lair:2   | Reached skill level 5 in Shields
 13739 | Lair:2   | Killed a catoblepas
 13743 | Lair:2   | Found a large runed translucent door.
 13744 | Lair:2   | Found a large runed translucent door.
 14291 | Lair:2   | Reached XP level 13. HP: 78/78 MP: 13/13
 14344 | Lair:2   | Noticed a boulder beetle
 14346 | Lair:2   | Noticed a four-headed hydra
 14348 | Lair:2   | Killed a boulder beetle
 14353 | Lair:2   | Killed a four-headed hydra
 14499 | Lair:2   | Found the +3 pair of seven-league boots {Rampage+∞}
 14721 | Lair:3   | Noticed a catoblepas
 14749 | Lair:3   | Killed a catoblepas
 15206 | Lair:3   | Identified the +7 spear of Jieskinu {holy, *Noise rPois
                  | rC++ rCorr Int+2}
 15977 | Lair:3   | Noticed a six-headed hydra
 15981 | Lair:3   | Killed a six-headed hydra
 17099 | Lair:4   | Noticed Kirke
 17129 | Lair:4   | Killed Kirke
 17334 | Lair:4   | Reached XP level 14. HP: 61/86 MP: 11/14
 17631 | Lair:4   | Reached skill level 15 in Short Blades
 17772 | Lair:4   | Reached **** piety under Trog
 18015 | Lair:4   | Found a staircase to the Snake Pit.
 19434 | Lair:4   | Found a staircase to the Swamp.
 20083 | Lair:5   | Reached skill level 10 in Fighting
 20225 | Lair:5   | Reached skill level 10 in Throwing
 21240 | Lair:6   | Entered Level 6 of the Lair of Beasts
 21267 | Lair:6   | Reached skill level 10 in Stealth
 21610 | Lair:6   | Found a runed translucent door.
 21662 | Lair:6   | Found a viscous altar of Jiyva.
 21663 | Lair:6   | Found a staircase to the Slime Pits.
 22003 | Lair:6   | Reached XP level 15. HP: 93/93 MP: 15/15
 22118 | Lair:5   | Reached skill level 16 in Short Blades
 22797 | Lair:6   | Found a large runed translucent door.
 22803 | Lair:6   | Found a large runed translucent door.
 23515 | Lair:6   | Found a shimmering altar of Xom.
 23515 | Lair:6   | Noticed Yduoqezo's ghost (journeyman TrBe)
 24005 | Lair:6   | Reached skill level 10 in Evocations
 24020 | Lair:6   | Identified the +7 hand axe of Ignis's Displeasure {vamp,
                  | rElec rPois}
 24236 | Lair:2   | Noticed Bearnado's ghost (journeyman MiBe)
 24240 | Lair:2   | Killed Bearnado's ghost
 24934 | Orc:1    | Entered Level 1 of the Orcish Mines
 24936 | Orc:1    | Noticed an orc warlord
 24946 | Orc:1    | Killed an orc warlord
 25116 | Orc:1    | Reached ***** piety under Trog
 25186 | Orc:2    | Entered Level 2 of the Orcish Mines
 25195 | Orc:1    | Found a radiant altar of Vehumet.
 26116 | Orc:2    | Received a gift from Trog
 26757 | Orc:2    | Found Anulamakh's Antique Armour Emporium.
 26789 | Orc:2    | Found an ancient bone altar of Kikubaaqudgha.
 26895 | Orc:2    | Found a radiant altar of Vehumet.
 26952 | Orc:2    | Found Qyff's Jewellery Shoppe.
 27003 | Orc:2    | Found Qifiec's Distillery.
 27011 | Orc:2    | Found Joehobb's Distillery.
 27042 | Orc:2    | Bought a ring of see invisible for 225 gold pieces
 27048 | Orc:2    | Bought the amulet "Fejulaush" {RegenMP +Inv rElec Stlth-}
                  | for 744 gold pieces
 27363 | Orc:2    | Found a staircase to the Elven Halls.
 27860 | D:11     | Reached XP level 16. HP: 100/100 MP: 16/16
 28260 | D:12     | Identified the +8 scimitar of Mourning {god gift, vorpal,
                  | Dex+2} (Trog gifted it to you on level 12 of the Dungeon)
 28260 | D:12     | Received a gift from Trog
 28330 | D:12     | Noticed Psyche
 28334 | D:12     | Killed Psyche
 28335 | D:12     | Reached skill level 17 in Short Blades
 28351 | D:12     | You fall into a shaft and drop 3 floors!
 28351 | D:15     | Entered Level 15 of the Dungeon
 28741 | D:15     | Found a frozen archway.
 28747 | IceCv    | Entered an ice cave
 29483 | IceCv    | Noticed an Ice Fiend
 29489 | IceCv    | Killed an Ice Fiend
 29571 | IceCv    | Identified the +4 shortbow "Raisin" {flame, rC- Str+5}
 31189 | D:15     | Noticed Josephine
 31218 | D:15     | Killed Josephine
 32325 | D:14     | Reached XP level 17. HP: 108/108 MP: 15/17
 32856 | D:13     | Reached skill level 18 in Short Blades
 32978 | D:12     | Noticed Nessos
 32982 | D:12     | Killed Nessos
 32998 | D:12     | Noticed Jorgrun
 33006 | D:12     | Killed Jorgrun
 33108 | D:12     | Noticed Azrael
 33120 | D:12     | Killed Azrael
 33809 | D:13     | Identified the +1 robe of the Seven Stories {rF+ Will- MP+9
                  | SInv}
 34060 | D:13     | Noticed Frances
 34062 | D:13     | Killed Frances
 34062 | D:13     | Identified the +6 rapier "Nean Vus" {god gift, flame, rCorr
                  | Dex+3} (Trog gifted it to you on level 13 of the Dungeon)
 34062 | D:13     | Received a gift from Trog
 34565 | D:14     | Noticed Rupert
 34567 | D:14     | Killed Rupert
 34988 | D:14     | Reached skill level 15 in Dodging
 35423 | D:14     | Found a gate to the Vaults.
 36915 | D:15     | Found a staircase to the Depths.
 37150 | Swamp:1  | Entered Level 1 of the Swamp
 37297 | Swamp:1  | Reached XP level 18. HP: 115/115 MP: 15/18
 37745 | Swamp:1  | Noticed Roxanne
 37761 | Swamp:1  | Killed Roxanne
 37772 | Swamp:1  | Reached skill level 19 in Short Blades
 40686 | Swamp:3  | Received a gift from Trog
 40944 | Swamp:3  | Reached XP level 19. HP: 80/122 MP: 19/19
 41539 | Swamp:4  | Entered Level 4 of the Swamp
 41908 | Swamp:3  | Reached skill level 20 in Short Blades
 42423 | Swamp:4  | Reached skill level 10 in Armour
 42423 | Swamp:4  | Reached skill level 10 in Shields
 42449 | Swamp:4  | Identified the +9 flail of Ambiguity {vorpal, rN+ Str+4
                  | Dex+4 SInv}
 42968 | Swamp:4  | Reached skill level 15 in Fighting
 43099 | Swamp:4  | Noticed the 27-headed Lernaean hydra
 43101 | Swamp:4  | Killed the 27-headed Lernaean hydra
 43108 | Swamp:4  | Got a decaying rune of Zot
 43600 | Snake:1  | Entered Level 1 of the Snake Pit
 44317 | Snake:1  | Found a runed translucent gate.
 44318 | Snake:1  | Found a runed translucent gate.
 44319 | Snake:1  | Found a runed translucent gate.
 44412 | Snake:1  | Identified the +6 rapier of the Kidney {pain, +Blink rF+
                  | Will+ Int-3}
 45260 | Snake:1  | Noticed Ousak's ghost (adept OpTm)
 45260 | Snake:1  | Noticed Zonian's ghost (adept HOFi)
 45262 | Snake:1  | Killed Zonian's ghost
 45263 | Snake:1  | Killed Ousak's ghost
 45264 | Snake:1  | Noticed Myolirr's ghost (journeyman MiBe)
 45265 | Snake:1  | Killed Myolirr's ghost
 45868 | Snake:2  | Reached XP level 20. HP: 129/129 MP: 18/20
 46326 | Snake:2  | Noticed Asterion
 46337 | Snake:2  | Killed Asterion
 46618 | Snake:2  | Noticed Vashnia
 46707 | Snake:2  | Killed Vashnia
 47293 | Snake:3  | Identified the +8 rapier "Pet Kusu" {freeze, rCorr Str+3
                  | Int+3 Dex+3}
 47381 | Snake:3  | Received a gift from Trog
 48067 | Snake:4  | Entered Level 4 of the Snake Pit
 48304 | Snake:4  | Reached skill level 15 in Stealth
 50041 | Snake:4  | Identified the +6 short sword of the Pit {god gift, vorpal,
                  | rF+ Will+ SInv Stlth+} (Trog gifted it to you on level 4 of
                  | the Snake Pit)
 50041 | Snake:4  | Received a gift from Trog
 50177 | Snake:4  | Reached XP level 21. HP: 127/136 MP: 15/21
 50510 | Snake:4  | Got a serpentine rune of Zot
 51021 | Orc:2    | Bought 3 potions of haste for 480 gold pieces
 51021 | Orc:2    | Bought a potion of cancellation for 128 gold pieces
 51030 | Orc:2    | Bought a potion of heal wounds for 75 gold pieces
 51030 | Orc:2    | Bought a potion of heal wounds for 75 gold pieces
 51030 | Orc:2    | Bought a potion of heal wounds for 75 gold pieces
 51288 | Lair:6   | Killed Yduoqezo's ghost
 51521 | Vaults:1 | Entered Level 1 of the Vaults
 51998 | Vaults:1 | Identified the ring of Zufiqeodgh {rF++ rC+ Will+ Str-5
                  | Int+9}
 54535 | Vaults:2 | Identified the +2 spear "Fitaotwu" {god gift, vorpal,
                  | *Noise rPois rF++ Dex+3} (Trog gifted it to you on level 2
                  | of the Vaults)
 54535 | Vaults:2 | Received a gift from Trog
 55184 | Vaults:2 | Found a transporter.
 55185 | Vaults:2 | Found a transporter.
 55190 | Vaults:2 | Noticed Loush's ghost (veteran MiFi)
 55597 | Vaults:2 | Reached XP level 22. HP: 142/142 MP: 17/22
 56176 | Vaults:2 | Cast into level 3 of the Abyss (ironbound preserver)
 56292 | Vaults:2 | Escaped the Abyss
 56346 | Vaults:2 | Received a gift from Trog
 57924 | Vaults:3 | Noticed a bone dragon
 57955 | Vaults:3 | Killed a bone dragon
 58001 | Vaults:3 | Found a staircase to the Crypt.
 58440 | Vaults:3 | Noticed Sojobo
 58455 | Vaults:3 | Killed Sojobo
 59137 | Vaults:3 | Identified the +1 leather armour of Huyf {rElec Str+5 Int+2
                  | Stlth+}
 60095 | Vaults:3 | Reached skill level 15 in Shields
 60712 | Vaults:3 | Reached XP level 23. HP: 75/148 MP: 7/23
 61527 | Vaults:4 | Noticed Aizul
 61551 | Vaults:4 | Killed Aizul
 63826 | Vaults:4 | Identified 2 scrolls of acquirement
 63838 | Vaults:4 | Acquired a manual of Armour
 63840 | Vaults:4 | Acquired a +4 quick blade
 64270 | Elf:1    | Entered Level 1 of the Elven Halls
 65046 | Elf:1    | Received a gift from Trog
 65584 | Elf:2    | Paralysed by an air elemental for 1 turns
 66409 | Elf:2    | Reached XP level 24. HP: 154/154 MP: 22/23
 66462 | Elf:2    | Found Noos's Assorted Antiques.
 66467 | Elf:2    | Bought a wand of mindburst (7) for 108 gold pieces
 66467 | Elf:2    | Bought a scroll of magic mapping for 94 gold pieces
 66467 | Elf:2    | Bought a tin of tremorstones (2/2) for 1080 gold pieces
 66467 | Elf:2    | Bought a wand of iceblast (5) for 108 gold pieces
 66523 | Elf:2    | Found a runed translucent door.
 66560 | Elf:2    | Found a runed translucent door.
 66770 | Elf:3    | Entered Level 3 of the Elven Halls
 66912 | Elf:3    | Found Pahufei's Weapon Shoppe.
 67111 | Elf:3    | Reached ****** piety under Trog
 67166 | Elf:3    | Received a gift from Trog
 67648 | Elf:3    | Found a runed translucent door.
 67649 | Elf:3    | Noticed Timpihef's ghost (adept OpAK)
 67659 | Elf:3    | Killed Timpihef's ghost
 68358 | Elf:3    | Identified the +7 glaive "Gycymoc" {antimagic, rCorr SInv}
 68543 | Elf:3    | Identified the +8 hand axe "Qafesm" {holy, rN+}
 68567 | Elf:3    | Identified the +9 hand axe of the Brain {freeze, rPois rC+}
 68786 | Elf:3    | Identified the +10 chain mail "Tusu Dirphi" {+Inv rPois
                  | rC+}
 69155 | Elf:3    | Identified the +1 leather armour of Anarchy {+Inv Regen+
                  | MP+9 Dex+6}
 69526 | Depths:1 | Entered Level 1 of the Depths
 69764 | Depths:1 | Found a sacrificial altar of Ru.
 69848 | Depths:1 | Found a one-way gate leading to the halls of Pandemonium.
 70141 | Depths:1 | Identified the +4 rapier of Defenestration {god gift,
                  | vorpal, rPois rC+} (Trog gifted it to you on level 1 of the
                  | Depths)
 70141 | Depths:1 | Received a gift from Trog
 70402 | Depths:1 | Found Haroivo Irub's General Store.
 70561 | Depths:1 | Found a gateway to Hell.
 70563 | Depths:1 | You are sucked into a shaft and drop 1 floor!
 70576 | Depths:2 | Identified the +10 longbow "Maunk" {freeze, rElec rN++
                  | Str+4 Int-4}
 70576 | Depths:2 | Identified the +7 shadow dragon scales of the Albatross
                  | {rPois Stlth++++}
 70650 | Depths:2 | Found a portal to a secret trove of treasure.
 71076 | Depths:2 | Found a magical portal.
 71083 | WizLab   | Entered Wucad Mu's Monastery
 71409 | WizLab   | Found the +9 staff of Wucad Mu {*channel}
 71515 | WizLab   | Reached XP level 25. HP: 160/160 MP: 23/23
 71691 | Depths:2 | Reached XP level 26. HP: 166/166 MP: 21/23
 72136 | Depths:1 | Found a one-way gate to the infinite horrors of the Abyss.
 72156 | Depths:1 | Noticed a juggernaut
 72167 | Depths:1 | Killed a juggernaut
 72243 | Depths:1 | Bought a wand of mindburst (1) for 105 gold pieces
 72250 | Depths:2 | Found a one-way gateway to a ziggurat.
 72670 | Depths:2 | Reached skill level 21 in Short Blades
 73109 | Depths:2 | Found a shimmering blue altar of Sif Muna.
 74631 | Depths:3 | Reached skill level 15 in Armour
 76333 | Depths:3 | Found a runed translucent gate.
 76335 | Depths:3 | Found a runed translucent gate.
 76335 | Depths:3 | Found an opulent altar of Gozag.
 76336 | Depths:3 | Found a runed translucent gate.
 76336 | Depths:3 | Noticed frimble's ghost (adept DsGl)
 76479 | Depths:4 | Entered Level 4 of the Depths
 76768 | Depths:4 | Found a sparkling altar of Nemelex Xobeh.
 77563 | Depths:3 | Reached XP level 27. HP: 159/173 MP: 23/23
 77923 | Depths:4 | Found a gate to the Realm of Zot.
 78306 | Depths:4 | Found a gate to the Realm of Zot.
 78477 | Depths:4 | Found a sparkling altar of Nemelex Xobeh.
 79931 | Vaults:5 | Entered Level 5 of the Vaults
 79936 | Vaults:5 | Received a gift from Trog
 80436 | Vaults:5 | Identified the +2 robe of Pathos {SInv}
 80750 | Vaults:5 | Noticed Xtahua
 80761 | Vaults:5 | Killed Xtahua
 80959 | Vaults:5 | Found Raafuocw's Antique Armour Shoppe.
 81398 | Vaults:5 | Noticed an ancient lich
 81420 | Vaults:5 | Killed an ancient lich
 81791 | Vaults:5 | Got a silver rune of Zot
 82012 | Vaults:5 | Identified the +3 leather armour of the Endless Geomancers
                  | {Contam Will+ Str+3}
 83440 | Zot:1    | Entered Level 1 of the Realm of Zot
 83857 | D:8      | Bought 2 potions of ambrosia for 240 gold pieces
 83857 | D:8      | Bought 2 potions of might for 120 gold pieces
 83857 | D:8      | Bought a potion of cancellation for 120 gold pieces
 83857 | D:8      | Bought a potion of curing for 45 gold pieces
 83889 | D:8      | Bought a potion of might for 92 gold pieces
 83889 | D:8      | Bought a wand of iceblast (4) for 92 gold pieces
 83889 | D:8      | Bought a scroll of teleportation for 69 gold pieces
 83998 | D:4      | Bought a potion of curing for 39 gold pieces
 83998 | D:4      | Bought 2 potions of ambrosia for 208 gold pieces
 83998 | D:4      | Bought a potion of mutation for 104 gold pieces
 83998 | D:4      | Bought a potion of invisibility for 104 gold pieces
 83998 | D:4      | Bought a potion of attraction for 39 gold pieces
 83998 | D:4      | Bought a potion of attraction for 39 gold pieces
 84504 | Zot:3    | Noticed an orb of fire
 84731 | Zot:3    | Noticed a Killer Klown
 84745 | Zot:3    | Killed a Killer Klown
 84943 | Zot:3    | Reached skill level 15 in Throwing
 85993 | Zot:2    | Received a gift from Trog
 86264 | Zot:3    | Gained mutation: Your body sometimes deteriorates upon
                  | taking damage. [an orb of fire]
 86275 | Zot:3    | Gained mutation: You are dopey. (Int -2) [an orb of fire]
 86276 | Zot:3    | Killed an orb of fire
 87350 | Zot:4    | Identified the +3 halberd "Puciul" {freeze, Stlth+}
 87456 | Zot:4    | Reached skill level 15 in Evocations
 88991 | Zot:5    | Entered Level 5 of the Realm of Zot
 89544 | Zot:5    | Noticed a dread lich
 89626 | Zot:4    | Killed a dread lich
 89739 | Zot:5    | Noticed an ancient lich
 89823 | Zot:5    | Noticed a Killer Klown
 89829 | Zot:5    | Killed an ancient lich
 89858 | Zot:4    | Killed a Killer Klown
 89859 | Zot:4    | Reached skill level 22 in Short Blades
 89908 | Zot:5    | Noticed an orb of fire
 90029 | Zot:5    | Killed an orb of fire
 90235 | Zot:5    | Noticed an orb of fire
 90241 | Zot:4    | Gained mutation: Your magical capacity is low. (-10% MP)
                  | [an orb of fire]
 90246 | Zot:4    | Gained mutation: You are clumsy. (Dex -2) [an orb of fire]
 90282 | Zot:4    | Gained mutation: You are frail. (-10% HP) [an orb of fire]
 90283 | Zot:4    | Killed an orb of fire
 90530 | Zot:4    | Lost mutation: Your magical capacity is low. (-10% MP)
                  | [potion of mutation]
 90530 | Zot:4    | Lost mutation: Your body sometimes deteriorates upon taking
                  | damage. [potion of mutation]
 90530 | Zot:4    | Gained mutation: You are very clumsy. (Dex -4) [potion of
                  | mutation]
 90531 | Zot:4    | Lost mutation: You are frail. (-10% HP) [potion of
                  | mutation]
 90531 | Zot:4    | Lost mutation: You are dopey. (Int -2) [potion of mutation]
 90531 | Zot:4    | Lost mutation: You are very clumsy. (Dex -4) [potion of
                  | mutation]
 90531 | Zot:4    | Gained mutation: You have large cloven feet. [potion of
                  | mutation]
 90531 | Zot:4    | Gained mutation: You are robust. (+10% HP) [potion of
                  | mutation]
 90531 | Zot:4    | Gained mutation: You tend to lose your temper in combat.
                  | [potion of mutation]
 90531 | Zot:4    | Gained mutation: You are very robust. (+20% HP) [potion of
                  | mutation]
 90723 | Zot:5    | Noticed an ancient lich
 90746 | Zot:5    | Killed an ancient lich
 90850 | Zot:5    | Noticed a Killer Klown
 91043 | Zot:5    | Noticed a dread lich
 91106 | Zot:5    | Killed a dread lich
 91107 | Zot:5    | Noticed an orb of fire
 91134 | Zot:4    | Gained mutation: Your magical capacity is low. (-10% MP)
                  | [an orb of fire]
 91142 | Zot:4    | Killed an orb of fire
 91602 | Zot:5    | Noticed a Killer Klown
 91701 | Zot:5    | Noticed a juggernaut
 91701 | Zot:5    | a Killer Klown changed into a juggernaut
 91733 | Zot:5    | Killed a juggernaut
 91849 | Zot:5    | Noticed a dread lich
 91876 | Zot:5    | Killed a dread lich
 92052 | Zot:5    | Noticed a dread lich
 92091 | Zot:5    | Killed a dread lich
 92834 | Zot:5    | a Killer Klown changed into a titan
 92974 | Zot:5    | Noticed an orb of fire
 92984 | Zot:5    | Gained mutation: Armour fits poorly on your strangely
                  | shaped body. [an orb of fire]
 92989 | Zot:5    | Lost mutation: You are very robust. (+20% HP) [an orb of
                  | fire]
 92993 | Zot:5    | Gained mutation: You are weak. (Str -2) [an orb of fire]
 92998 | Zot:5    | Gained mutation: You have hidden genetic defects. [an orb
                  | of fire]
 93007 | Zot:5    | Gained mutation: You do not regenerate when monsters are
                  | visible. [an orb of fire]
 93011 | Zot:5    | Gained mutation: You are dopey. (Int -2) [an orb of fire]
 93016 | Zot:5    | Killed an orb of fire
 93040 | Zot:5    | Lost mutation: You are dopey. (Int -2) [potion of mutation]
 93040 | Zot:5    | Lost mutation: You are clumsy. (Dex -2) [potion of
                  | mutation]
 93040 | Zot:5    | Lost mutation: You have large cloven feet. [potion of
                  | mutation]
 93040 | Zot:5    | Lost mutation: You are robust. (+10% HP) [potion of
                  | mutation]
 93040 | Zot:5    | Lost mutation: You are weak. (Str -2) [potion of mutation]
 93040 | Zot:5    | Lost mutation: You do not regenerate when monsters are
                  | visible. [potion of mutation]
 93041 | Zot:5    | Lost mutation: Your magical capacity is low. (-10% MP)
                  | [potion of mutation]
 93041 | Zot:5    | Lost mutation: You tend to lose your temper in combat.
                  | [potion of mutation]
 93041 | Zot:5    | Lost mutation: You have hidden genetic defects. [potion of
                  | mutation]
 93041 | Zot:5    | Gained mutation: You do not regenerate when monsters are
                  | visible. [potion of mutation]
 93041 | Zot:5    | Gained mutation: You occasionally shout uncontrollably at
                  | your foes. [potion of mutation]
 93042 | Zot:5    | Lost mutation: Armour fits poorly on your strangely shaped
                  | body. [potion of mutation]
 93042 | Zot:5    | Lost mutation: You do not regenerate when monsters are
                  | visible. [potion of mutation]
 93042 | Zot:5    | Lost mutation: You occasionally shout uncontrollably at
                  | your foes. [potion of mutation]
 93042 | Zot:5    | Gained mutation: Your mind is acute. (Int +2) [potion of
                  | mutation]
 93042 | Zot:5    | Gained mutation: You have very sharp teeth. [potion of
                  | mutation]
 93399 | Zot:5    | Noticed an ancient lich
 93413 | Zot:5    | Killed an ancient lich
 93624 | Zot:5    | Noticed a dread lich
 93634 | Zot:5    | Lost mutation: Your mind is acute. (Int +2) [a cacodemon]
 93650 | Zot:5    | Killed a dread lich
 93724 | Zot:5    | Noticed a dread lich
 93731 | Zot:5    | Killed a dread lich
 94364 | Zot:5    | Got the Orb of Zot
 94556 | Zot:3    | Noticed Moeloargho the pandemonium lord
 95003 | D:$      | Escaped with the Orb!

Illustrated notes

Levels and vault maps discovered:
D:1:      psy_arrival_dodecagon, layout_loops_ring,
          shapermc_ecumenical_altar_acropolis
D:2:      wad_lake_hut, layout_loops_corners
D:3:      layout_rooms, grunt_ministairs_13
D:4:      layout_loops_cross, serial_shops, nicolae_shop_behind_doors,
          uniq_robin, uniq_blork_the_orc
D:5:      layout_basic, mainiacjoe_overflow_24_doors, supply_closet_lemuel,
          uniq_pikel
D:6:      layout_loops_ring, nicolae_overflow_hidden_temple,
          minmay_temple_entry_tees
D:7:      layout_loops_cross, mumra_transporter_accident,
          corexii_leaking_fountain, minmay_misc_feat_rows, uniq_maggie
D:8:      layout_basic, overflow_temple_1_default, serial_shops,
          nicolae_shop_stone, shop_fountains, uniq_grum
D:9:      layout_rooms, dancing_weapons_uskayaw, dpeg_lair_monsters
D:10:     layout_basic, minmay_orc_entry_temple_small,
          hangedman_abyss_or_decor_lesser_grid
D:11:     layout_roguey
D:12:     layout_roguey, uniq_azrael, uniq_jorgrun, uniq_psyche, uniq_nessos
D:13:     layout_loops_ring, hangedman_decor_opposing, uniq_frances
D:14:     layout_big_octagon, erik_vaults_2, uniq_rupert
D:15:     grunt_enter_depths_magical_seal, layout_basic,
          portal_ice_cave_entry_ugly_swarm, uniq_josephine
Temple:   regret_index_temple_waves
Lair:1:   layout_loops_ring, minivault_25, uniq_gastronok
Lair:2:   layout_chaotic_city, ebering_ghost_disaster_area,
          hellmonk_guarded_unrand_seven_league_boots, serial_bayou_shore_a
Lair:3:   layout_cellular_growth
Lair:4:   layout_regular_city, nicolae_swamp_entry_splash_gauntlet,
          minmay_snake_entry_six_corridors, hangedman_lair_generics_rect,
          uniq_kirke
Lair:5:   layout_regular_city, grunt_megastairs_3
Lair:6:   cheibrodos_lair_end_hotspot, layout_regular_city, slime_altar_1,
          ebering_ghost_xom
Swamp:1:  layout_basic_swamp, evilmike_swamp_ruin_house_5, uniq_roxanne
Swamp:2:  layout_falls_marsh, evilmike_swamp_ruin_rubble_2, st_swamp_ruins_1
Swamp:3:  nzn_winding_woodlands_medium [nzn_winding_woodlands_5x5_default,
          nzn_winding_woodlands_5x15_zeroes, nzn_winding_woodlands_hourglass,
          nzn_winding_woodlands_5x5_checkerboard,
          nzn_winding_woodlands_center_pierced_h,
          nzn_winding_woodlands_5x5_perimeter,
          nzn_winding_woodlands_5x5_closed_star,
          nzn_winding_woodlands_5x15_crooked,
          nzn_winding_woodlands_5x5_open_star], layout_basic_swamp,
          evilmike_swamp_ruin_house_3, nicolae_swamp_super_fun_site,
          infiniplex_staircase_pool
Swamp:4:  grunt_swamp_rune_castle, layout_basic_swamp, swamp_pool4,
          nicolae_swamp_soggy_hallways
Snake:1:  layout_chambers, gammafunk_ghost_cemetery, drop_trap
Snake:2:  layout_chambers, serial_bayou_lake_a, uniq_vashnia, uniq_asterion
Snake:3:  layout_misc_corridors, special_room, lemuel_fruit_tree
Snake:4:  snake_pit_salamanders_mu, layout_misc_corridors, nicolae_snake_omega
Orc:1:    layout_diamond_mine, basic_altar, nicolae_orc_lava_room
Orc:2:    kennysheep_orc_mage_school, layout_diamond_mine, special_room
Elf:1:    eino_elf_arrival_shootout, layout_geoelf_grid,
          minmay_elf_annihilation, einodemon_crawler_minivault
Elf:2:    elven_hall_of_blades_hangedman_original
          [nicolae_blade_entry_splitting_headache], layout_loops_corners,
          serial_shops, nicolae_shop_competitors_out_of_business
Elf:3:    minmay_elf_hall_not_hex, layout_geoelf_octagon, serial_shops,
          nicolae_shop_bloodbath_and_beyond, gammafunk_ghost_grave
Vaults:1: hangedman_vaults_stretched_pinwheel, grunt_vaults_trifunnel, st_cells,
          ontoclasm_vaults_idyll, nicolae_vaults_little_squares_2,
          vaults_dpeg_doors, v_alt_pattern_2, nicolae_vaults_ninety_degrees,
          v_misc_23, dpeg_vaults_monster_box, ontoclasm_vaults_pinch,
          ontoclasm_vaults_ring_small, vaults_room_hallway, grunt_vaults_focal,
          nicolae_vaults_theta, layout_vaults_omnibox
Vaults:2: gammafunk_ghost_wrathful_warriors, grunt_vaults_diagonal, v_misc_32,
          v_alt_pattern_2, hangedman_vaults_slither, vaults_room_stairs_pillars,
          nicolae_vaults_border_crossing, vaults_room_semicircle,
          layout_vaults_quadrants
Vaults:3: nicolae_vaults_arrows, minmay_crypt_entry_nasty_monster, v_rooms_5,
          vaults_room_fancy_cross, ontoclasm_vaults_ring_small,
          vaults_dpeg_encased_lava, layout_vaults_chaotic_city, uniq_sojobo
Vaults:4: hangedman_vaults_snaps, nicolae_vaults_mini_display_case,
          hangedman_vaults_hard_town_square, nicolae_vaults_network_square,
          v_misc_18, hangedman_vaults_trim, v_misc_13, v_misc_30,
          nicolae_vaults_little_squares_1, nicolae_vaults_little_squares_4,
          layout_vaults_omnicross, uniq_aizul
Vaults:5: uniq_xtahua
Depths:1: layout_long_grid, rand_demon_pan_entry_1, abyss_entry,
          kennysheep_nondescript, pf_coc_iceberg, serial_shops, shop,
          nicolae_ru_great_annihilating_truth, grunt_megastairs_5
Depths:2: minmay_bloctagon, layout_cave_pools, enter_ziggurat_c,
          infiniplex_enter_wizlab_water, hell_entry, lemuel_blue_sif_altar,
          rand_demon_pan_entry_9, nicolae_trove_entry_path_of_doom,
          beargit_elvish_explorers, infiniplex_staircase_spiral
Depths:3: minmay_dotted_concentric_squares, layout_basic, abyss_entry,
          solitary_fountain, hell_entry, pan_entry, ebering_ghost_gozag,
          infiniplex_staircase_pillars_3a, firewood_loft
Depths:4: grunt_bruiser_brothers, layout_cave_shapes, minmay_misc_feat_x,
          hell_entry, nemelex_lonely_heart_becter
Zot:1:    layout_cathedral_of_symmetry
Zot:2:    layout_onion_interference, hangedman_elemental_grid_stream
Zot:3:    lemuel_acid_trip, layout_concentric_octagons
Zot:4:    layout_misc_corridors, skrybe_zot_glass_1
Zot:5:    layout_basic

Skill      XL: |  1  2  3  4  5  6  7  8  9 10 11 12 13 14 15 16 17 18 19 20 21 22 23 24 25 26 27 |
---------------+----------------------------------------------------------------------------------+-----
Short Blades   | 3 4 5 6 7 8 10 11 14 15 16 17 18 19 20 21 22 | 22.5
Fighting       | 3 4 6 8 9 10 11 12 13 14 15 16 17 21 | 21.7
Dodging        | 2 5 6 8 10 11 12 13 14 15 16 17 18 20 | 20.3
Evocations     | 2 6 8 9 10 11 12 13 17 | 17.2
Armour         | 1 4 5 6 7 8 9 10 11 12 13 17 20 | 20.7
Shields        | 2 5 6 7 8 9 10 11 12 15 18 19 21 | 21.2
Throwing       | 6 9 10 11 12 13 14 16 | 16.0
Stealth        | 8 9 10 11 12 13 15 17 18 | 18.0

Action                   |  1- 3 |  4- 6 |  7- 9 | 10-12 | 13-15 | 16-18 | 19-21 | 22-24 | 25-27 || total
-------------------------+-------+-------+-------+-------+-------+-------+-------+-------+-------++-------
Melee: Dagger            |    56 |   133 |   155 |       |       |       |       |       |       ||   344
       Punch             |       |     1 |    11 |     9 |       |       |       |       |       ||    21
       Rapier            |       |       |   190 |     7 |   243 |  1421 |  1484 |  2264 |  3474 ||  9083
       Short sword       |       |       |       |   703 |  1647 |       |       |       |       ||  2350
       Bite              |       |       |       |       |       |       |       |       |    32 ||    32
Throw: Dart              |     5 |    24 |    39 |    31 |   106 |     4 |       |     2 |     1 ||   212
       Stone             |       |     2 |       |       |       |       |       |       |       ||     2
       Throwing net      |       |       |     1 |       |       |     1 |       |       |     3 ||     5
       Boomerang         |       |       |       |       |     6 |    53 |    24 |    13 |    51 ||   147
Invok: Berserk           |       |       |       |     9 |    15 |    28 |    16 |    24 |    33 ||   125
       Trog's Hand       |       |       |       |     4 |    12 |     8 |    16 |    24 |    32 ||    96
       Brothers in Arms  |       |       |       |       |     1 |     3 |     4 |    11 |     5 ||    24
Evoke: Wand              |     1 |     4 |     4 |     9 |     5 |    14 |    11 |    17 |    39 ||   104
       Lightning rod     |       |       |       |       |     8 |    15 |    11 |    18 |    25 ||    77
       Phantom mirror    |       |       |       |       |     2 |     2 |     3 |     7 |     8 ||    22
       Condenser vane    |       |       |       |       |       |       |       |     7 |    15 ||    22
       Tin of tremorston |       |       |       |       |       |       |       |       |    17 ||    17
       Phial of floods   |       |       |       |       |       |       |       |       |     5 ||     5
       Box of beasts     |       |       |       |       |       |       |       |       |     5 ||     5
  Use: Scroll            |       |     5 |     8 |    12 |     6 |     4 |    10 |     9 |    27 ||    81
       Potion            |       |       |     5 |     1 |       |     7 |     5 |     8 |    30 ||    56
 Stab: Sleeping          |    15 |    11 |    15 |    27 |    56 |    94 |   103 |    51 |    31 ||   403
       Distracted        |       |     1 |       |       |     7 |    11 |    10 |    25 |    24 ||    78
       Held in net/web   |       |       |     2 |       |       |     1 |       |       |     6 ||     9
       Paralysed         |       |       |       |     1 |     2 |       |     3 |     5 |     6 ||    17
       Petrified         |       |       |       |       |       |     1 |       |       |       ||     1
       Invisible         |       |       |       |       |       |       |       |       |     6 ||     6
Armor: Robe              |    10 |     4 |       |       |    20 |       |    36 |       |       ||    70
       Ring mail         |       |    15 |       |       |       |       |       |       |       ||    15
       Leather armour    |       |     2 |    67 |    83 |   155 |   149 |    50 |       |       ||   506
       Acid dragon scale |       |       |       |    17 |       |       |       |       |       ||    17
       Swamp dragon scal |       |       |       |       |       |       |    86 |   347 |   274 ||   707
       Shadow dragon sca |       |       |       |       |       |       |       |       |   330 ||   330
Dodge: Dodged            |    18 |    58 |   138 |   297 |   718 |   663 |   826 |  1094 |  1361 ||  5173
Block: Buckler           |       |       |       |    40 |   382 |   225 |       |       |       ||   647
       Kite shield       |       |       |       |       |       |   263 |   999 |  1504 |  1830 ||  4596
       Reflection        |       |       |       |       |       |       |    46 |    37 |    27 ||   110
